 Dungeon Crawl Stone Soup version 0.29.1-1-gd02db6906a (webtiles) character file.

Game seed: 14987268121178871945

2362 virigoth the Grappler (level 9, -4/89 HPs)
             Began as a Troll Fighter on Sept 20, 2022.
             Was an Initiate of Wu Jian.
             Killed from afar by a steam dragon (12 damage)
             ... with a ball of steam
             ... on level 8 of the Dungeon.
             The game lasted 00:19:03 (5720 turns).

virigoth the Grappler (Troll Fighter)               Turns: 5720, Time: 00:19:03

Health: -4/89      AC:  5    Str: 32    XL:     9   Next: 21%
Magic:  8/8        EV: 23    Int:  8    God:    Wu Jian [......]
Gold:   271        SH:  0    Dex:  9    Spells: 8/8 levels left

rFire   . . .      SeeInvis .     - Unarmed
rCold   . . .      Faith    .   b - +0 kite shield
rNeg    . . .      Spirit   .   a - +0 robe
rPois   .          Reflect  .   (helmet restricted)
rElec   .          Harm     .   m - +0 cloak
rCorr   .          Rampage  .   (gloves unavailable)
Will    .....                   (boots unavailable)
Stlth   +.........              p - amulet of the acrobat
HPRegen 1.04/turn               z - +6 ring of strength
MPRegen 0.11/turn               w - +4 ring of slaying

@: confused, acrobatic
A: large, unfitting armour, claws 3, regeneration 1, shaggy fur 1, tough skin 1
a: Renounce Religion


You were on level 8 of the Dungeon.
You worshipped Wu Jian.
Wu Jian was noncommittal.
You visited 2 branches of the dungeon, and saw 9 of its levels.

You collected 283 gold pieces.
You spent 12 gold pieces at shops.

Inventory:

Missiles
 f - 10 boomerangs (quivered)
 D - a throwing net
Armour
 a - a +0 robe (worn)
 b - a +0 kite shield (worn)
 m - a +0 cloak (worn)
Jewellery
 p - an amulet of the acrobat (around neck)
 w - a +4 ring of slaying (right claw)
 y - a +6 ring of dexterity
 z - a +6 ring of strength (left claw)
Wands
 q - a wand of light (13)
Scrolls
 d - a scroll of blinking {unknown}
 e - a scroll of vulnerability
 g - 4 scrolls of teleportation
 h - 4 scrolls of identify
 k - a scroll of immolation {unknown}
 o - a scroll of fear {unknown}
 r - a scroll of amnesia {unknown}
 t - a scroll of fog {unknown}
 B - a scroll of enchant armour {unknown}
Potions
 c - 3 potions of might
 i - a potion of brilliance
 j - a potion of berserk rage {unknown}
 l - a potion of ambrosia
 n - a potion of flight {unknown}
 s - a potion of heal wounds
 u - a potion of invisibility {unknown}
 v - a potion of lignification {unknown}
 x - a potion of cancellation {unknown}
 C - a potion of magic {unknown}


   Skills:
 + Level 5.7 Fighting
 - Level 2.4 Dodging
 + Level 6.2 Shields
 * Level 9.0 Unarmed Combat


You had 8 spell levels left.
You didn't know any spells.
Your spell library contained the following spells:

 Spells                   Type           Power      Damage    Failure   Level
 Apportation              Tloc           0%         N/A       67%         1
 Necrotise                Necr           0%         1d4       67%         1
 Summon Small Mammal      Summ           0%         N/A       67%         1
 Olgreb's Toxic Radiance  Pois           0%         N/A       100%        4
 Ozocubu's Refrigeration  Ice            0%         4d7       100%        7
 Ignition                 Fire           0%         3d3       100%        8


Dungeon Overview and Level Annotations

Branches:
Dungeon (8/15)             Temple (1/1) D:7
   Lair: D:8-11

Altars:
Ashenzari
Cheibriados
Dithmenos
Elyvilon
Fedhas
Gozag
Hepliaklqana
Kikubaaqudgha
Makhleb
Nemelex Xobeh
Okawaru
Qazlal
Sif Muna
Trog
Uskayaw
Vehumet
Wu Jian
Xom
Yredelemnul
The Shining One

Shops:
D:4 !

Annotations:
D:3 Natasha
D:4 3 runed translucent doors, TheSexyCheese's ghost, amateur MiBe
D:7 1 runed translucent door, virigoth's ghost, novice GrEE


Innate Abilities, Weirdness & Mutations

You are too large for most types of armour.
You have claws for hands.
Your natural rate of healing is unusually fast.
You are covered in fur. (AC +1)
You have tough skin. (AC +1)


Message History

The steam dragon is lightly wounded.
You block the steam dragon's attack. x2
You feel better.
You hear some strange, mumbled words.
You are confused.
The steam dragon breathes steam at you. The ball of steam hits you!
You're too confused to move!
You are engulfed in a cloud of scalding steam.
The orc warrior hits you from afar with a +0 glaive!
* * * LOW HITPOINT WARNING * * *
Something hits you but does no damage. The steam dragon bites you!
* * * LOW HITPOINT WARNING * * *
The steam dragon claws you but does no damage.
You are too confused!
It was a potion of heal wounds.
You feel much better.
You are engulfed in a cloud of scalding steam.
* * * LOW HITPOINT WARNING * * *
The orc warrior barely misses you.
You hear some strange, mumbled words.
A puff of flame appears from out of thin air!
The puff of flame hits you!
* * * LOW HITPOINT WARNING * * *
The steam dragon bites you but does no damage.
The steam dragon claws you but does no damage.
You feel much better.
You are engulfed in a cloud of scalding steam.
* * * LOW HITPOINT WARNING * * *
The orc warrior hits you from afar with a +0 glaive.
* * * LOW HITPOINT WARNING * * *
Something hits you but does no damage. The steam dragon bites you!
* * * LOW HITPOINT WARNING * * *
The steam dragon claws you.
* * * LOW HITPOINT WARNING * * *
The steam dragon attacks as you move away!
The steam dragon closely misses you.
The steam dragon claws you but does no damage.
The steam dragon breathes steam at you. The ball of steam hits you!
You die...

#.# #.# ## #.#
##### .. #.# #....
#. #.# #...##
#..#.# ##.....##
##.
#..#.#####D......#
...
#.....o{o.§......#
##.#.#####@......#
# #.# ##.....##
#{# #...##
#.###########
#..§.......## .
#.o§........# .#
#.^..§o.##..# . .
#..####o##..#
#.#.######..#
#.##..#


You could see a steam dragon (catching breath), an orc warrior and an orc.

Vanquished Creatures
  Sigmund (D:3)
  A water moccasin (D:6)
  2 black bears (D:6)
  2 ogres
  A sky beast (D:7)
  2 centaurs (D:6)
  A phantom (D:5)
  A kobold brigand (D:7)
  A necrophage (D:7)
  2 scorpions (D:6)
  5 wights (D:6)
  2 howler monkeys
  A hound (D:7)
  4 orc priests
  2 jellies
  A gnoll bouda (D:6)
  Jessica (D:2)
  Ijyb (D:5)
  Natasha (D:3)
  5 iguanas
  5 orc wizards
  A mummy (D:4)
  5 gnolls (D:6)
  7 adders
  A white imp (D:6)
  2 ufetubi (D:4)
  3 worms
  A dart slug (D:1)
  22 orcs
  6 ball pythons
  9 bats
  9 endoplasms
  A giant cockroach (D:1)
  5 goblins
  8 hobgoblins
  6 jackals (D:1)
  13 kobolds
  3 quokkas
  5 frilled lizards
  A hobgoblin zombie (D:4)
  A kobold zombie (D:4)
  2 orc zombies (D:4)
  3 rats
156 creatures vanquished.

Notes
Turn   | Place    | Note
-------+----------+-------------------------------------------
     0 | D:1      | virigoth the Troll Fighter began the quest for the Orb.
     0 | D:1      | Reached XP level 1. HP: 22/22 MP: 0/0
   118 | D:1      | Reached XP level 2. HP: 29/29 MP: 1/1
   126 | D:1      | You fall into a shaft and drop 1 floor!
   219 | D:2      | Found an ancient bone altar of Kikubaaqudgha.
   247 | D:2      | Identified the +0 ring mail of Sif Muna's Vengeance {rN+
                  | Str+3}
   492 | D:1      | Reached XP level 3. HP: 36/36 MP: 2/2
   542 | D:1      | Reached skill level 3 in Unarmed Combat
   831 | D:1      | Found a faded altar of an unknown god.
  1053 | D:2      | You fall into a shaft and drop 1 floor!
  1203 | D:2      | Noticed Jessica
  1205 | D:2      | Killed Jessica
  1206 | D:2      | Reached XP level 4. HP: 43/45 MP: 3/3
  1667 | D:3      | Reached skill level 4 in Unarmed Combat
  1667 | D:3      | Reached XP level 5. HP: 53/53 MP: 4/4
  1671 | D:3      | Found a white marble altar of Elyvilon.
  1708 | D:3      | Noticed Sigmund
  1714 | D:3      | Killed Sigmund
  1715 | D:3      | Reached XP level 6. HP: 61/61 MP: 5/5
  1792 | D:3      | Noticed Natasha
  1802 | D:3      | Reached skill level 5 in Unarmed Combat
  1817 | D:3      | Killed Natasha
  1836 | D:3      | Noticed Natasha
  1881 | D:5      | Entered Level 5 of the Dungeon
  2055 | D:5      | Noticed Ijyb
  2061 | D:5      | Paralysed by Ijyb for 5 turns
  2344 | D:4      | Found a snail-covered altar of Cheibriados.
  2439 | D:4      | Found a runed translucent gate.
  2439 | D:4      | Found a runed translucent gate.
  2440 | D:4      | Found a runed translucent gate.
  2449 | D:4      | Found Wioguz's Distillery.
  2466 | D:4      | Bought a potion of degeneration for 12 gold pieces
  2587 | D:4      | Noticed TheSexyCheese's ghost (amateur MiBe)
  2680 | D:5      | Reached XP level 7. HP: 59/68 MP: 6/6
  2683 | D:5      | Killed Ijyb
  2845 | D:6      | Reached skill level 6 in Unarmed Combat
  3130 | D:6      | Reached skill level 5 in Shields
  3130 | D:6      | Reached XP level 8. HP: 79/79 MP: 7/7
  3271 | D:5      | Reached skill level 7 in Unarmed Combat
  3288 | D:5      | HP: 3/79 [poisoned by a scorpion]
  3817 | D:5      | Reached skill level 5 in Fighting
  3889 | D:5      | Identified the +9 ring mail of Disappointment {rF+ Will+}
  4159 | D:6      | Reached skill level 8 in Unarmed Combat
  4558 | D:7      | Found a radiant altar of Vehumet.
  4567 | D:7      | Reached XP level 9. HP: 88/88 MP: 8/8
  4767 | D:7      | Found a hide-covered altar of Uskayaw.
  4785 | D:7      | Found a runed translucent door.
  4798 | D:7      | Noticed virigoth's ghost (novice GrEE)
  4843 | D:7      | Reached skill level 9 in Unarmed Combat
  4896 | D:7      | Found a staircase to the Ecumenical Temple.
  4992 | Temple   | Entered the Ecumenical Temple
  5171 | Temple   | Became a worshipper of the Wu Jian Council
  5720 | D:8      | Killed from afar by a steam dragon

Illustrated notes

Levels and vault maps discovered:
D:1:      zelgadis_glass_arrival_small, layout_basic,
          hellmonk_ecumenical_altar_inner_sanctum, minmay_misc_feat_rugged
D:2:      layout_basic, minmay_hexomino_r4, uniq_jessica
D:3:      layout_loops_cross, elyvilon_altar_3, serial_bayou_pond_e,
          uniq_sigmund, uniq_natasha, uniq_crazy_yiuf_cottage
D:4:      layout_basic, cheibrodos_worm_habitat, gammafunk_ghost_necromancy,
          serial_shops, nicolae_diamond_shop, minmay_misc_feat_cross,
          minmay_mini_ossuary
D:5:      layout_basic, uniq_ijyb
D:6:      layout_cave_pods, nicolae_figureground_sparkle
D:7:      layout_basic, vehumet_crystals, eat_drink_and_be_merry_uskayaw,
          minmay_temple_entry_mist, nicolae_ossuary_entry_ruins,
          serial_corexii_hall, corexii_hall_statues_deadend,
          corexii_hall_statues_t, corexii_hall_statues_i,
          hellmonk_ghost_happy_afterlife
D:8:      kennysheep_seaside_town, layout_loops_ring
Temple:   nicolae_temple_bog_church

Skill      XL: |  1  2  3  4  5  6  7  8  9 |
---------------+----------------------------+-----
Shields        | 3 4 5 6 |  6.2
Unarmed Combat | 3 4 5 6 8 9 |  9.0
Fighting       | 3 4 5 |  5.7
Dodging        | |  2.4

Action                   |  1- 3 |  4- 6 |  7- 9 || total
-------------------------+-------+-------+-------++-------
Melee: Unarmed           |   118 |   123 |   186 ||   427
Throw: Boomerang         |     3 |     1 |    15 ||    19
Invok: Lunge             |       |       |     1 ||     1
  Use: Scroll            |       |     3 |       ||     3
       Potion            |       |     2 |     6 ||     8
Armor: Robe              |    44 |    49 |    51 ||   144
Dodge: Dodged            |    55 |   101 |    77 ||   233
Block: Kite shield       |    43 |    62 |    74 ||   179
